Map: Frozen Temple

Players

PSK - Winner!

  • Race: Protoss Protoss
  • League: Platinum

capac

  • Race: Terran Terran
  • League: Gold

VOD

Have the link to the VOD?

Description

Time

  • Played on: May 8, 2016, 12:41 p.m.
  • Length: 32:32
Show
View Real Time Build Order
Export as new Build Order

PSK Protoss - Winner!

Build Orders:  

Get SALT Encoding   

  12  0:02  Probe (Chrono Boost)  
  13  0:12  Probe (Chrono Boost)  
  14  0:20  Pylon  
  14  0:23  Probe (Chrono Boost)  
  15  0:38  Probe (Chrono Boost)  
  15  0:40  Gateway  
  16  0:49  Probe (Chrono Boost)  
  17  0:59  Probe (Chrono Boost)  
  18  1:10  Probe (Chrono Boost)  
  19  1:14  Pylon  
  19  1:16  Pylon  
  19  1:18  Assimilator  
  19  1:21  Probe (Chrono Boost)  
  20  1:28  Cybernetics Core  
  20  1:31  Probe (Chrono Boost)  
  21  1:33  Assimilator  
  21  1:48  Pylon  
  21  1:49  Pylon  
  21  1:57  Probe (Chrono Boost)  
  22  2:07  Pylon  
  21  2:10  Adept  
  23  2:27  Mothership Core (Chrono Boost)  
  23  2:29  Nexus  
  25  2:33  Warp Gate (Chrono Boost)  
  25  2:41  Adept  
  27  2:45  Probe (Chrono Boost)  
  28  3:01  Pylon  
  28  3:05  Probe (Chrono Boost)  
  29  3:30  Gateway  
  29  3:34  Gateway  
  29  3:35  Gateway  
  29  3:36  Probe (Chrono Boost)  
  30  3:46  Pylon  
  32  3:48  Adept (Chrono Boost)  
  32  3:52  Probe x2  
  34  4:06  Probe  
  34  4:08  Probe  
  36  4:14  Gateway  
  36  4:24  Robotics Facility  
  36  4:26  Probe  
  36  4:28  Probe  
  38  4:37  Probe  
  38  4:38  Adept  
  38  4:40  Probe  
  42  4:53  Twilight Council, Probe, Pylon  
  42  4:55  Probe  
  42  4:58  Sentry  
  42  4:59  Sentry x2  
  50  5:08  Probe  
  50  5:10  Probe  
  52  5:20  Probe, Gateway  
  52  5:22  Probe  
  52  5:23  Assimilator  
  52  5:26  Assimilator  
  54  5:30  Observer, Forge  
  54  5:34  Resonating Glaives (Chrono Boost)  
  55  5:38  Adept x2  
  55  5:39  Adept  
  61  5:43  Probe  
  61  5:45  Probe  
  63  5:56  Observer  
  64  5:59  Adept  
  64  6:00  Adept x3  
  72  6:04  Protoss Ground Weapons Level 1 (Chrono Boost)  
  72  6:22  Warp Prism  
  74  6:45  Adept x2  
  78  6:51  Pylon  
  78  6:52  Pylon  
  78  7:04  Nexus  
  78  7:06  Pylon  
  78  7:08  Probe, Pylon  
  78  7:09  Probe  
  78  7:13  Immortal  
  84  7:21  Adept x4  
  84  7:22  Adept  
  82  7:45  Protoss Ground Armor Level 1 (Chrono Boost)  
  77  8:04  Probe  
  77  8:06  Probe  
  77  8:09  Stalker x3  
  85  8:15  Probe  
  85  8:18  Probe  
  87  8:27  Photon Cannon  
  87  8:30  Probe  
  88  8:35  Probe x2  
  88  8:40  Photon Cannon  
  90  8:48  Templar Archives  
  90  8:49  Probe  
  90  8:51  Probe, Photon Cannon  
  92  9:01  Probe x2, Stargate  
  94  9:14  Photon Cannon  
  94  9:18  Probe x2  
  94  9:20  Assimilator  
  94  9:22  Assimilator  
  96  9:24  Psionic Storm  
  96  9:29  Sentry  
  98  9:37  Observer  
  99  9:41  Probe  
  99  9:42  Probe  
  99  9:43  Probe  
  102  9:53  Adept x2  
  102  9:54  Adept x3  
  102  9:58  Observer  
  113  10:01  Probe  
  113  10:02  Probe  
  115  10:07  Probe  
  115  10:08  Protoss Ground Weapons Level 2 (Chrono Boost)  
  115  10:11  Probe  
  111  10:14  Probe  
  108  10:26  Probe  
  108  10:27  Probe  
  110  10:37  High Templar x6, Nexus  
  110  10:38  Pylon  
  122  11:14  Gateway  
  122  11:16  Gateway x2  
  122  11:18  Adept x4  
  128  11:19  Gateway  
  128  11:20  Gateway  
  128  11:22  Gateway  
  130  11:39  Probe  
  130  11:41  Probe, Dark Shrine  
  130  11:42  Probe  
  133  11:49  Probe  
  133  11:50  Probe  
  133  11:51  Probe  
  136  11:54  Probe  
  136  11:58  High Templar x2  
  136  11:59  Probe, High Templar x3  
  148  12:06  Protoss Ground Armor Level 2 (Chrono Boost)  
  148  12:07  Archon x2  
  148  12:18  Pylon x3  
  148  12:19  Pylon  
  148  12:20  Pylon x2  
  148  12:34  Probe  
  149  12:37  Photon Cannon x2  
  149  12:38  Photon Cannon  
  149  12:44  Gateway  
  149  12:45  Gateway  
  149  12:46  Gateway  
  149  12:47  Gateway  
  149  12:49  Photon Cannon  
  149  12:53  High Templar  
  149  12:57  Archon  
  151  13:03  High Templar x3  
  151  13:04  High Templar x3  
  163  13:08  Archon x3  
  163  13:25  Assimilator  
  163  13:26  Assimilator  
  163  13:30  Dark Templar x2  
  163  13:31  Dark Templar x4  
  175  13:45  Observer  
  175  13:46  Dark Templar  
  178  14:01  Phoenix  
  178  14:28  Phoenix  
  158  14:57  Stalker x2  
  158  14:58  Stalker x4  
  158  14:59  Stalker x2  
  166  15:00  Dark Templar x2  
  166  15:01  Dark Templar x3  
  112  15:18  Stalker  
  112  15:19  Stalker  
  112  15:20  Stalker  
  116  15:23  Charge (Chrono Boost)  
  76  15:47  Zealot x3  
  76  15:48  Zealot x2  
  76  15:49  Zealot x6  
  98  15:50  Zealot x4  
  98  15:55  Protoss Ground Weapons Level 3 (Chrono Boost)  
  106  15:58  Phoenix  
  108  16:19  Probe x3  
  108  16:20  Probe  
  112  16:27  Phoenix  
  114  16:43  Nexus  
  114  16:46  Pylon  
  112  16:47  High Templar x3, Pylon  
  112  16:48  High Templar x2  
  112  16:50  Zealot x3  
  112  16:51  Zealot x5  
  112  16:52  Phoenix  
  140  16:55  Archon x2  
  140  16:58  High Templar  
  142  17:02  Archon  
  142  17:18  Nexus  
  142  17:20  Pylon  
  142  17:21  Pylon  
  142  17:25  Gateway  
  142  17:26  Gateway  
  142  17:27  Gateway  
  140  17:32  Gateway  
  140  17:34  Gateway  
  140  17:35  Gateway  
  140  17:37  Gateway  
  140  17:39  Dark Templar  
  140  17:40  Dark Templar x3  
  148  17:50  Photon Cannon  
  148  17:54  Probe  
  148  17:55  Probe x3  
  148  17:56  Probe  
  153  18:05  Probe x3, Photon Cannon  
  151  18:08  Probe, Photon Cannon  
  151  18:11  High Templar x5  
  159  18:26  Assimilator  
  159  18:29  Assimilator  
  159  18:30  Probe  
  160  18:35  Assimilator  
  160  18:37  Assimilator  
  160  18:40  Probe  
  160  18:41  Dark Templar x2  
  160  18:42  Dark Templar  
  160  18:45  Zealot x5  
  177  18:51  Probe  
  174  19:01  Probe  
  161  19:12  Probe  
  161  19:15  High Templar x2  
  166  19:19  Archon  
  138  19:37  Protoss Ground Armor Level 3 (Chrono Boost)  
  138  19:43  Stalker x2  
  138  19:45  Stalker  
  144  20:00  Dark Templar x3  
  144  20:03  Zealot x5  
  144  20:04  Zealot x5  
  170  20:09  Probe  
  170  20:10  Probe x3  
  170  20:11  Probe  
  175  20:25  Nexus  
  169  20:34  Zealot x3  
  169  20:35  Zealot x3  
  173  20:36  Zealot x3  
  173  20:37  Zealot x2  
  173  20:38  Zealot x2  
  191  20:53  High Templar x2  
  191  20:54  High Templar x4  
  193  20:57  Zealot x3  
  193  21:00  Archon x3  
  187  21:22  High Templar x2  
  187  21:23  High Templar  
  193  21:34  Probe x2  
  193  21:35  Probe x3  
  193  21:36  Probe  
  107  21:54  Zealot x2  
  107  21:55  Zealot x2  
  107  21:56  Zealot x3  
  107  21:57  Zealot x4  
  107  21:58  Zealot  
  107  21:59  Zealot x5  
  107  22:00  Zealot x3  
  129  22:15  Pylon  
  129  22:16  Assimilator  
  129  22:17  Pylon  
  129  22:18  Dark Templar x4  
  129  22:19  Assimilator  
  137  22:28  Oracle  
  136  22:54  High Templar  
  136  22:55  High Templar x2  
  138  23:02  Zealot x6  
  138  23:03  Phoenix, Zealot x5  
  158  23:15  Probe x5  
  158  23:16  Probe  
  154  23:28  Phoenix  
  154  23:31  Gateway  
  155  23:51  Dark Templar x5  
  155  23:53  Phoenix  
  167  24:01  Nexus  
  167  24:13  Gateway  
  167  24:15  Gateway  
  167  24:16  Gateway x2  
  167  24:18  Phoenix, Dark Templar, Gateway  
  167  24:22  Dark Templar  
  173  24:37  Dark Templar x2, Assimilator  
  177  24:41  Photon Cannon  
  177  24:45  Assimilator  
  177  24:48  Phoenix  
  179  25:09  Protoss Shields Level 1 (Chrono Boost)  
  179  25:26  Pylon x2  
  179  25:28  Pylon  
  179  25:32  Pylon  
  179  25:34  Pylon  
  179  25:35  Pylon  
  179  25:36  Gateway  
  179  25:38  Pylon  
  179  25:40  Pylon  
  179  25:57  Stargate  
  179  26:01  Stargate  
  179  26:03  Fleet Beacon  
  179  26:16  Protoss Air Weapons Level 1  
  161  26:57  Tempest x2 (Chrono Boost)  
  161  26:58  Tempest (Chrono Boost)  
  155  27:07  High Templar x2  
  135  27:15  Stalker x3  
  141  27:16  Zealot x2  
  141  27:17  Zealot x5  
  141  27:18  Zealot x2  
  141  27:19  Zealot x4  
  167  27:35  Tempest (Chrono Boost)  
  167  27:36  Tempest x2 (Chrono Boost)  
  151  28:12  Tempest (Chrono Boost)  
  138  28:35  Tempest x2 (Chrono Boost)  
  138  28:36  Zealot x5  
  138  28:37  Zealot x2  
  138  28:38  Zealot x5  
  170  28:46  High Templar  
  172  28:50  Tempest (Chrono Boost)  
  174  29:00  Dark Templar  
  174  29:10  Tempest (Chrono Boost)  
  174  29:15  Tempest (Chrono Boost)  
  182  29:31  High Templar  
  182  29:40  Zealot  
  182  29:41  Zealot x6  
  182  29:42  Zealot x2  
  200  30:13  Tempest  
  180  31:01  Dark Templar x3  
  180  31:02  Dark Templar x2  
  180  31:03  Dark Templar  
  176  31:36  Dark Templar x2  
  176  31:38  Zealot  
  176  31:39  Zealot x2  
Show
View Real Time Build Order
Export as new Build Order

capac Terran 

Build Orders: Reaper Expand, MMM Bio 

Get SALT Encoding   

  12  0:00  SCV  
  13  0:13  SCV  
  14  0:18  Supply Depot  
  14  0:25  SCV  
  15  0:40  SCV  
  15  0:41  Barracks  
  16  0:46  Refinery  
  16  0:52  SCV  
  17  1:04  SCV  
  18  1:16  SCV  
  19  1:30  Orbital Command  
  19  1:32  Reaper  
  20  1:42  Command Center  
  20  1:49  Supply Depot  
  20  2:07  Marine  
  21  2:14  SCV  
  22  2:28  Refinery  
  22  2:29  Factory  
  22  2:33  Barracks  
  22  2:36  SCV  
  23  2:43  Barracks Reactor  
  23  2:48  SCV  
  24  2:56  Orbital Command  
  24  3:01  SCV  
  25  3:14  SCV  
  25  3:21  Factory Tech Lab  
  25  3:22  Barracks Tech Lab  
  25  3:25  Engineering Bay  
  26  3:27  SCV  
  26  3:28  Starport, SCV  
  26  3:31  Marine x2  
  29  3:39  SCV  
  29  3:40  SCV  
  31  3:41  Siege Tank  
  34  3:50  Stimpack  
  34  3:52  Marine x2  
  36  3:57  Supply Depot  
  36  4:01  SCV  
  37  4:03  Marine  
  38  4:11  SCV  
  38  4:12  Medivac  
  38  4:16  Missile Turret  
  41  4:20  Missile Turret  
  41  4:22  Supply Depot  
  41  4:24  SCV  
  42  4:25  SCV  
  42  4:29  Marine  
  42  4:30  Marine  
  45  4:45  Missile Turret  
  45  4:47  Marine, SCV x2  
  45  4:48  Marine x2  
  45  4:50  Starport Reactor  
  45  4:51  Siege Tank  
  53  5:00  Supply Depot, Bunker, SCV  
  53  5:01  SCV  
  53  5:06  Refinery  
  55  5:08  Marine x3, Missile Turret  
  55  5:13  SCV x2  
  60  5:25  Supply Depot  
  60  5:27  Medivac  
  60  5:28  Medivac  
  64  5:30  SCV  
  64  5:31  Marine x2, SCV  
  64  5:32  Marine  
  69  5:38  Missile Turret  
  69  5:46  SCV x2  
  69  5:47  Supply Depot  
  71  5:51  Supply Depot, Refinery  
  71  5:57  Combat Shields  
  71  5:59  Marine x3  
  71  6:02  SCV x2  
  76  6:17  SCV  
  77  6:18  Marine x2  
  77  6:19  Marine  
  80  6:26  Barracks  
  80  6:27  Barracks  
  80  6:35  Liberator x2  
  80  6:36  Marine x3  
  83  6:50  SCV x2  
  91  6:54  Marine x2  
  91  6:55  Supply Depot  
  91  6:56  Terran Infantry Weapons Level 1  
  93  7:02  SCV x2  
  93  7:05  Marine  
  93  7:06  Siege Tank  
  99  7:16  SCV x2  
  99  7:17  Marine  
  99  7:18  Supply Depot, Marine  
  99  7:20  Barracks Reactor x2  
  88  8:00  Medivac  
  88  8:01  Medivac  
  88  8:02  Marine x4  
  88  8:03  Marine x2  
  93  8:07  Command Center  
  93  8:10  Supply Depot  
  93  8:11  Armory  
  93  8:12  Engineering Bay  
  93  8:15  Barracks, Liberator  
  93  8:16  Liberator  
  93  8:18  Starport, Marine  
  94  8:28  Siege Tank  
  94  8:29  Marine x6  
  109  8:38  Supply Depot  
  109  8:43  Marine  
  109  8:47  Terran Infantry Armor Level 1  
  110  8:58  Supply Depot, Starport Reactor  
  110  9:02  Liberator x2  
  110  9:09  Missile Turret  
  110  9:13  Barracks Tech Lab  
  110  9:16  Marauder, Barracks  
  112  9:20  SCV x2  
  120  9:28  Supply Depot  
  120  9:30  Marine x2  
  120  9:31  Marine x3  
  124  9:32  Marine  
  124  9:33  Marauder  
  124  9:37  Medivac  
  130  9:41  Medivac  
  132  9:54  Terran Infantry Weapons Level 2  
  132  10:02  Medivac x2  
  133  10:22  Bunker, Orbital Command, SCV x2  
  133  10:23  Marine x2  
  133  10:24  Marine x2  
  139  10:38  Liberator x2  
  139  10:43  Marine, SCV x2  
  139  10:44  Marine x5  
  139  10:45  Marauder  
  139  10:46  Marauder  
  151  10:53  Siege Tank  
  151  10:55  SCV x2  
  162  10:57  Supply Depot  
  162  11:18  Factory  
  162  11:20  Supply Depot  
  162  11:21  Concussive Shells  
  162  11:22  Marauder x2, Marine  
  162  11:23  Marine x2  
  162  11:25  Siege Tank, SCV  
  173  11:41  Marine x3  
  176  11:57  Siege Tank  
  179  12:03  Marine  
  179  12:04  Marine  
  179  12:05  Liberator x2  
  179  12:06  Liberator  
  181  12:09  Supply Depot  
  181  12:22  Marine x2  
  189  12:23  Marine x2  
  189  12:24  Marauder x2  
  189  12:26  Refinery  
  189  12:27  Refinery  
  198  12:41  Medivac  
  200  13:05  Command Center  
  200  13:19  Factory Tech Lab  
  200  13:35  Barracks  
  200  13:36  Supply Depot  
  200  13:40  Barracks  
  197  14:33  Liberator x2  
  197  14:34  Liberator  
  175  14:51  Marine  
  175  14:52  Marine x7  
  159  14:58  Missile Turret  
  113  15:09  Marine  
  91  15:24  SCV x2  
  91  15:25  SCV  
  94  15:36  SCV, Barracks Reactor x2  
  95  15:44  Liberator x2  
  95  15:45  Liberator x2  
  95  15:46  SCV  
  95  15:47  SCV  
  95  15:48  SCV  
  98  15:58  SCV  
  98  15:59  Marine  
  98  16:00  Marine x7  
  119  16:06  SCV x2  
  121  16:12  Missile Turret  
  121  16:17  Marine x3  
  124  16:19  Marine x3  
  124  16:20  Marine x3  
  124  16:21  Marauder x2  
  134  16:30  Refinery  
  134  16:31  Refinery  
  134  16:33  Terran Infantry Weapons Level 3  
  134  17:03  Marine x4  
  138  17:11  Planetary Fortress  
  138  17:38  Missile Turret  
  138  17:39  Marine x2  
  138  17:40  Marine x8  
  138  17:42  Marauder x2  
  152  18:02  Missile Turret  
  152  18:23  Missile Turret  
  152  18:25  Command Center  
  149  19:23  Marine x12  
  125  19:40  Marine  
  125  19:41  Marine x6  
  132  19:54  Marine x5  
  132  19:58  Marine  
  138  20:07  Marine x6  
  138  20:12  Marine x3  
  138  20:13  Marauder x2  
  151  20:16  Marine, SCV x3  
  155  20:24  Marine x2  
  155  20:25  Marine x4  
  139  20:41  Marine x5  
  93  21:55  Marine  
  93  21:56  Marine x11  
  101  22:13  Marine x4  
  105  22:38  Marine x3  
  100  23:22  Marine x5  
  100  23:23  Marine x2  
  107  23:38  Marine x2  
  109  24:21  Planetary Fortress  
  109  24:27  Medivac x2  
  109  24:28  Medivac  
  109  24:29  Medivac  
  117  24:36  SCV  
  117  24:37  SCV x2  
  120  24:41  Marine x12  
  132  24:58  Marine  
  132  24:59  Marine  
  136  25:00  Marauder  
  136  25:01  Marine  
  136  25:02  Marine x6  
  143  25:12  SCV x3  
  146  25:15  SCV  
  147  25:25  Missile Turret  
  147  25:26  Marine  
  147  25:27  Marine x4  
  152  25:43  SCV  
  152  25:45  SCV  
  154  26:05  Terran Infantry Armor Level 2  
  154  26:17  Missile Turret  
  154  26:32  SCV x2  
  156  26:33  Refinery  
  156  26:34  Refinery  
  127  27:24  Marine x10  
  137  27:40  Marine  
  137  27:41  Marine x2  
  137  27:42  Marine x5  
  113  28:36  Orbital Command  
  113  28:39  Marine  
  113  28:40  Marine x8  
  122  29:06  Command Center  
  120  29:16  Marine x6  
  100  29:34  Marine x11  
  100  29:35  Marine  
  112  29:51  Marine  
  112  29:52  Marine x2  
  115  29:54  Barracks Reactor  
  115  29:56  Marine x4  
  115  29:57  Marine  
  80  30:32  Marine x7  
  80  30:33  Marine  
  82  30:45  Liberator x2  
  84  31:09  Marine  
  84  31:10  Marine x2  
  60  31:45  Missile Turret  
Tags
 
Add a new tag
Caveats
  • Supply blocks, unpowered buildings, or Contaminate may cause inaccurate times.
  • Supply counts are checked every 10 seconds.